 Dungeon Crawl Stone Soup version 0.31.0-11-ge490571c62 (webtiles) character file.

Game seed: 18151431351916313269

14 Ashen the Sneak (level 2, -3/20 HPs)
             Began as a Gnoll Enchanter on Feb 3, 2024.
             Slain by a kobold
             ... wielding a +0 whip
              (4 damage)
             ... on level 1 of the Dungeon.
             The game lasted 00:00:48 (190 turns).

Ashen the Sneak (Gnoll Enchanter)                    Turns: 190, Time: 00:00:48

Health: -3/20      AC:  2    Str:  7    XL:     2   Next: 41%
Magic:  0/7        EV: 13    Int: 14    God:
Gold:   38         SH:  0    Dex: 12    Spells: 8/10 levels left

rFire   . . .        a - +1 dagger
rCold   . . .        (no shield)
rNeg    . . .        b - +0 robe
rPois   .            (no helmet)
rElec   .            (no cloak)
rCorr   .            (no gloves)
SInv    .            (no boots)
Will    .....        (no amulet)
Stlth   +++          (no ring)
HPRegen 0.23/turn    (no ring)
MPRegen 0.10/turn

%: no passive effects
@: invisible
A: fangs 1, strong nose, distributed training
a: no special abilities


You were on level 1 of the Dungeon.
You visited 1 branch of the dungeon, and saw 1 of its levels.

You collected 38 gold pieces.

Inventory:

Hand Weapons
 a - a +1 dagger (weapon)
Armour
 b - a +0 robe (worn)
Scrolls
 e - a scroll of silence {unknown}
Potions
 c - a potion of invisibility
 d - a potion of curing {unknown}


   Skills:
 + Level 0.4 Fighting
 + Level 2.5 Short Blades
 + Level 0.4 Long Blades
 + Level 0.4 Axes
 + Level 0.4 Maces & Flails
 + Level 0.4 Polearms
 + Level 0.4 Staves
 + Level 0.4 Ranged Weapons
 + Level 0.4 Throwing
 + Level 0.4 Armour
 + Level 4.5 Dodging
 + Level 5.9 Stealth
 + Level 0.4 Shields
 + Level 0.4 Unarmed Combat
 + Level 4.9 Spellcasting
 + Level 0.2 Conjurations
 + Level 5.3 Hexes
 + Level 0.2 Summonings
 + Level 0.2 Necromancy
 + Level 0.2 Translocations
 + Level 0.2 Fire Magic
 + Level 0.2 Ice Magic
 + Level 0.2 Air Magic
 + Level 0.2 Earth Magic
 + Level 0.2 Alchemy
 + Level 0.5 Invocations
 + Level 0.4 Evocations
 + Level 0.3 Shapeshifting


You had 8 spell levels left.
You knew the following spells:

 Your Spells              Type           Power      Damage    Failure   Level
a - Ensorcelled Hibernat  Hex/Ice        22%        N/A       9%          2

Your spell library contained the following spells:

 Spells                   Type           Power      Damage    Failure   Level
 Confusing Touch          Hex            18%        N/A       6%          3
 Tukima's Dance           Hex            18%        N/A       6%          3
 Dazzling Flash           Conj/Hex       22%        N/A       17%         3


Dungeon Overview and Level Annotations

Branches:
Dungeon (1/15)

Altars:

Shops:
D:1 [?


Innate Abilities, Weirdness & Mutations

You have very sharp teeth.
Your uncanny sense of smell can sniff out nearby items.
Your experience applies equally to all skills.


Message History

You closely miss the bat. The bat closely misses you.
The dart slug barely misses you.
You hit the dart slug.
The dart slug is lightly wounded.
The bat misses you.
The kobold throws a stone.
The stone closely misses you.
You barely miss the bat. You bite the bat, but do no damage.
The bat barely misses you.
The dart slug bites you but does no damage.
The kobold throws a stone.
The stone closely misses you.
You hit the dart slug.
You bite the dart slug, but do no damage.
The dart slug is moderately wounded.
The kobold hits you but does no damage.
The kobold throws a stone.
The stone hits you. The dart slug launches a dart at you.
The slug dart hits you.
You hit the dart slug.
The dart slug is severely wounded.
The bat hits you.
The kobold hits you with a +0 short sword.
* * * LOW HITPOINT WARNING * * *
The kobold throws a stone.
The stone closely misses you.
Unknown command.
You fade into invisibility!
The bat hits you but does no damage. The dart slug misses you.
The kobold hits you with a +0 short sword.
* * * LOW HITPOINT WARNING * * *
The kobold throws a stone.
The stone hits you.
* * * LOW HITPOINT WARNING * * *
You completely miss the kobold. The bat completely misses you.
The kobold closely misses you.
The dart slug launches a dart at the kobold.
The slug dart hits the kobold.
The kobold shouts!
You hit the dart slug.
The dart slug is almost dead.
The bat hits you.
* * * LOW HITPOINT WARNING * * *
The kobold closely misses you. The kobold hits you with a +0 whip.
You die...

#....... ........#
#....... ..........##
#....).. ........#
..#####...)... ........#
#.....####.###
........#####...........
#...................##
#...wK................
#...K@................
#.........∩.........##
#....b......#########
#...........#
...........†.#
..............#
....(.........#
..............#
.♣.####..#...


You could see a dart slug (unable to see you), a bat and 2 kobolds.

Vanquished Creatures
  A dart slug (D:1)
  2 ball pythons (D:1)
  An endoplasm (D:1)
  2 bats (D:1)
  4 goblins (D:1)
  A kobold (D:1)
11 creatures vanquished.

Notes
Turn   | Place    | Note
-------+----------+-------------------------------------------
     0 | D:1      | Ashen the Gnoll Enchanter began the quest for the Orb.
     0 | D:1      | Reached XP level 1. HP: 13/13 MP: 6/6
   102 | D:1      | Reached XP level 2. HP: 8/19 MP: 7/7
   113 | D:1      | Learned a level 2 spell: Ensorcelled Hibernation
   156 | D:1      | Found Hiyngaox's Magic Scroll Shoppe.
   172 | D:1      | Found Zetwu's Antique Armour Shop.
   190 | D:1      | HP: 1/20 [bat (1)]
   190 | D:1      | Slain by a kobold

Illustrated notes

Levels and vault maps discovered:
D:1:      onia_arrival_pyramid, layout_rooms,
          shapermc_ecumenical_altar_mp_urbaneastern, serial_shops,
          nicolae_shop_behind_doors, nicolae_shop_trees, shop,
          nicolae_shop_statue_plus, minmay_tree_intersection

Action                     || total
---------------------------++-------
  Melee: Dagger            ||    39
         Bite              ||     6
   Cast: Ensorcelled Hiber ||     4
    Use: Potion            ||     1
   Stab: Sleeping          ||     6
 Armour: Robe              ||    30
  Dodge: Dodged            ||    34
